 Dungeon Crawl Stone Soup version 0.24-a0-250-g6074511 (webtiles) character file.

Game seed: 3238189146456045136

112 MatthieuS the Chiller (level 5, -1/35 HPs)
             Began as a Human Ice Elementalist on Apr 15, 2019.
             Slain by an orc
             ... wielding a +2 short sword of freezing
              (9 damage)
             ... on level 2 of the Dungeon.
             The game lasted 00:04:40 (3508 turns).

MatthieuS the Chiller (Human Ice Elementalist)      Turns: 3508, Time: 00:04:40

Health: -1/35      AC:  3    Str:  9    XL:     5   Next: 16%
Magic:  4/10       EV: 12    Int: 16    God:
Gold:   93         SH:  0    Dex: 13    Spells: 4/10 levels left

rFire    . . .     SeeInvis .   (no weapon)
rCold    . . .     Gourm    .   (no shield)
rNeg     . . .     Faith    .   a - +0 robe
rPois    .         Spirit   .   (no helmet)
rElec    .         Reflect  .   (no cloak)
rCorr    .         Harm     .   (no gloves)
MR       .....                  i - +0 pair of boots
Stlth    +.........             (no amulet)
HPRegen  0.11/turn              (no ring)
MPRegen  0.12/turn              (no ring)

@: confused
A: no striking features
a: no special abilities


You were on level 2 of the Dungeon.
You were not hungry.

You visited 1 branch of the dungeon, and saw 3 of its levels.

You collected 93 gold pieces.

Inventory:

Armour
 a - a +0 robe (worn)
 i - a +0 pair of boots (worn)
   (You found it on level 1 of the Dungeon)
Wands
 t - a wand of flame (22)
   (You found it on level 3 of the Dungeon)
Scrolls
 b - a scroll of enchant armour {unknown}
 d - a scroll of remove curse {unknown}
 f - a scroll of fear {unknown}
 g - a scroll of blinking {unknown}
 h - a scroll of random uselessness {unknown}
Potions
 c - a potion of cancellation {unknown}
 j - 2 potions of invisibility {unknown}
 k - a potion of heal wounds {unknown}
 l - 2 potions of curing {unknown}
 m - 2 potions of brilliance {unknown}
 n - a potion of might {unknown}
Comestibles
 e - 2 rations


   Skills:
 - Level 2.0 Dodging
 - Level 2.0 Stealth
 + Level 3.3 Spellcasting
 + Level 1.8 Conjurations
 + Level 4.2 Ice Magic


You had 4 spell levels left.
You knew the following spells:

 Your Spells              Type           Power        Failure   Level  Hunger
a - Freeze                Ice            ###.         3%          1    None
b - Throw Frost           Conj/Ice       ##....       8%          2    ##.....
c - Ozocubu's Armour      Chrm/Ice       #.......     22%         3    ###....

Your spell library contained the following spells:

 Spells                   Type           Power        Failure   Level  Hunger
 Throw Icicle             Conj/Ice       ##......     45%         4    ####...
 Summon Ice Beast         Ice/Summ       #.......     58%         4    ####...


Dungeon Overview and Level Annotations

Branches:
Dungeon (3/15)

Altars:
Gozag
Okawaru
Wu Jian
Zin


Message History

A rat comes into view.
The orc priest barely misses you.
Aim: an orc priest, wielding a +0 dagger and wearing a +0 ring mail (moderately wounded)
You freeze the orc priest!
You hear some strange, mumbled words.
You are confused.
The rat twitches its whiskers.
The orc priest hits you with a +0 dagger.
Something hits you.
You writhe in agony.
There is a stone staircase leading up here.
You hear some strange, mumbled words.
You are more confused.
The orc hits you but does no damage.
In your confused state, you trip and fall back down the stairs.
The orc priest casts a cantrip, but nothing happens.
Something hits you. The orc barely misses you.
The orc hits you with a +2 short sword of freezing.
The orc freezes you. The orc hits you but does no damage.
You climb upwards.
Reactivating autopickup.
There is a stone staircase leading down here.
Unknown command.
Something hits you but does no damage.
Deactivating autopickup; reactivate with Ctrl-A.
You barely miss the orc. The orc closely misses you.
You hear some strange, mumbled words.
You are more confused.
The orc misses you.
You hit the orc. The orc closely misses you. Something hits you.
* * * LOW HITPOINT WARNING * * *
The orc hits you but does no damage.
You miss the orc. The orc barely misses you. Something hits you.
* * * LOW HITPOINT WARNING * * *
The orc closely misses you.
You bump into the rock wall.
The orc hits you with a +2 short sword of freezing.
* * * LOW HITPOINT WARNING * * *
The orc freezes you.
* * * LOW HITPOINT WARNING * * *
You hear some strange, mumbled words.
Something tries to affect you, but you resist.
The orc hits you with a +0 dagger.
* * * LOW HITPOINT WARNING * * *
You completely miss the orc.
The orc hits you with a +2 short sword of freezing!
You die...

......# #.....# #..###.#.##.
#.....# #####.# ##.## ##..###
......# #.# #.## ##.... #.....#
#.# ##.## ##..##.
#.....#######.### #..###.#.##.
.##.............# ###.#.#.##.##.
.....########.#.## #......###.##.
...#.########..o{###....(..#...#.
..###..........#@............#...
...#>...######.o..##.......#...##
..........#####.#.##.....##......
........#.....................###
##...##########.######......###
#...##########.# ########
#..............# ################


You could see 2 orcs.

Vanquished Creatures
  A worker ant (D:2)
  3 adders (D:2)
  An ooze (D:2)
  2 worms (D:2)
  3 dart slugs
  6 bats
  2 giant cockroaches
  4 hobgoblins
  9 jackals
  A frilled lizard (D:1)
  3 goblins (D:1)
  5 kobolds
  5 rats
45 creatures vanquished.

Notes
Turn   | Place    | Note
-------+----------+-------------------------------------------
     0 | D:1      | MatthieuS the Human Ice Elementalist began the quest for
                  | the Orb.
     0 | D:1      | Reached XP level 1. HP: 13/13 MP: 3/3
   376 | D:1      | Found an iron altar of Okawaru.
   490 | D:1      | Reached XP level 2. HP: 5/19 MP: 0/5
   722 | D:1      | Learned a level 2 spell: Throw Frost
  1059 | D:1      | Reached XP level 3. HP: 20/24 MP: 3/6
  1105 | D:1      | Learned a level 3 spell: Ozocubu's Armour
  2043 | D:2      | Reached XP level 4. HP: 30/30 MP: 5/8
  2174 | D:2      | Found an opulent altar of Gozag.
  2175 | D:2      | Found a glowing silver altar of Zin.
  2251 | D:2      | Reached skill level 4 in Ice Magic
  2594 | D:2      | Found an ornate altar of the Wu Jian Council.
  2714 | D:2      | Reached XP level 5. HP: 17/35 MP: 1/9
  3508 | D:2      | Slain by an orc

Levels and vault maps discovered:
D:1:      dpeg_arrival_rhombi, layout_basic, okawaru_ov_weapons_minmay
D:2:      layout_loops_ring, grunt_temple_overflow_gold_and_silver,
          old_standard_altar, serial_glass, glass_columns_a, glass_columns_c,
          item_on_display_a, minmay_strange_pillars
D:3:      minmay_bubble_buster, layout_loops_ring, bloody_makhleb,
          minmay_misc_feat_x, serial_bayou_pond_e, chequers_avenue,
          nicolae_gozag_zags_fifth_avenue

Skill      XL: |  1  2  3  4 |
---------------+-------------+-----
Spellcasting   | 3 |  3.3
Ice Magic      | 4 |  4.2
Dodging        | |  2.0
Stealth        | |  2.0
Conjurations   | |  1.8

Action                   |  1- 3 |  4- 6 || total
-------------------------+-------+-------++-------
Melee: Unarmed           |     7 |     6 ||    13
 Cast: Freeze            |    50 |    30 ||    80
       Throw Frost       |     3 |     9 ||    12
  Eat: Chunk             |     4 |     5 ||     9
Armor: Robe              |    12 |     7 ||    19
Dodge: Dodged            |    20 |    24 ||    44

Table legend:
 A = Non-vault XP
 B = Vault XP
 C = Vault XP percentage of total XP
 D = Non-vault monster count
 E = Vault monster count
 F = Vault count percentage of total count
                 A         B        C        D         E       F
            +---------+---------+-------+---------+---------+-------
      Total |     161 |       0 |   0.0 |      45 |       0 |   0.0
            +---------+---------+-------+---------+---------+-------
        D:1 |      37 |       0 |   0.0 |      20 |       0 |   0.0
        D:2 |     124 |       0 |   0.0 |      25 |       0 |   0.0
            +---------+---------+-------+---------+---------+-------
